 Dungeon Crawl Stone Soup version 0.30.1-4-g462c640d31 (webtiles) character file.

Game seed: 7923958800714856238

7651 Gogs the Cleaver (level 10, -17/91 HPs)
             Began as a Minotaur Berserker on Aug 27, 2023.
             Was an Elder of Trog.
             Killed from afar by a tengu conjurer (18 damage)
             ... with a bolt of lightning
             ... on level 8 of the Dungeon.
             The game lasted 00:27:30 (9506 turns).

Gogs the Cleaver (Minotaur Berserker)               Turns: 9506, Time: 00:27:31

Health: -17/91     AC: 23    Str: 27    XL:     10   Next: 99%
Magic:  3/9        EV:  6    Int:  7    God:    Trog [****..]
Gold:   85         SH: 14    Dex:  9    Spells: 9/9 levels left

rFire   . . .        a - +0 war axe
rCold   . . .        p - +0 tower shield
rNeg    . . .        F - +0 plate armour
rPois   +            (helmet restricted)
rElec   .            C - +2 cloak of Noon {rPois Int+3}
rCorr   +            r - +2 pair of gloves
SInv    .            l - +2 pair of boots
Will    .....        (no amulet) Stlth
                     z - ring of resist corrosion
HPRegen 0.35/turn    (no ring)
MPRegen 0.11/turn

%: no passive effects
@: on berserk cooldown
A: horns 2, retaliatory headbutt
a: Renounce Religion, Berserk, Trog's Hand, Brothers in Arms


You were on level 8 of the Dungeon.
You worshipped Trog.
Trog was greatly pleased with you.
You visited 2 branches of the dungeon, and saw 9 of its levels.

You collected 596 gold pieces.
You spent 511 gold pieces at shops.

Inventory:

Hand Weapons
 a - a +0 war axe (weapon)
 b - a +0 flail
Missiles
 g - 7 curare-tipped darts (quivered)
 m - 11 poisoned darts
 n - 70 stones
 w - 2 atropa-tipped darts
 y - 6 boomerangs
Armour
 l - a +2 pair of boots (worn)
 p - a +0 tower shield (worn)
 r - a +2 pair of gloves (worn)
 C - the +2 cloak of Noon (worn) {rPois Int+3}
   (You found it on level 7 of the Dungeon)

   Int:       It affects your intelligence (+3).
   rPois:     It protects you from poison.
 F - a +0 plate armour (worn)
Jewellery
 z - a ring of resist corrosion (left hand)
Wands
 v - a wand of flame (16)
Scrolls
 f - 7 scrolls of teleportation
 h - 4 scrolls of fog
 t - a scroll of identify
 B - 4 scrolls of immolation
 D - 2 scrolls of fear
 E - a scroll of enchant weapon
Potions
 c - a potion of haste
 d - a potion of mutation
 e - a potion of magic
 i - 6 potions of curing
 j - 3 potions of heal wounds
 k - a potion of flight
 o - 3 potions of might
 q - a potion of attraction
 s - 2 potions of cancellation
 u - a potion of lignification


   Skills:
 + Level 9.4 Fighting
 * Level 14.7 Axes
 + Level 8.1 Armour
 - Level 2.1 Dodging
 + Level 8.1 Shields


You had 9 spell levels left.
You didn't know any spells.
Your spell library was empty.

Dungeon Overview and Level Annotations

Branches:
Dungeon (8/15)             Temple (1/1) D:7
   Lair: D:8-11

Altars:
Ashenzari
Cheibriados
Dithmenos
Elyvilon
Fedhas
Gozag
Hepliaklqana
Kikubaaqudgha
Makhleb
Nemelex Xobeh
Okawaru
Qazlal
Ru
Sif Muna
Trog
Uskayaw
Vehumet
Wu Jian
Xom
Yredelemnul
Zin
The Shining One

Shops:
D:5 !   D:6 (   D:7 ?


Innate Abilities, Weirdness & Mutations

You have a pair of horns on your head.
You reflexively headbutt those who attack you in melee.


Message History

* * * LOW HITPOINT WARNING * * *
You feel better. The tengu conjurer closely misses you.
You furiously retaliate!
You headbutt the tengu conjurer.
The tengu conjurer pecks you but does no damage.
You block the tengu conjurer's attack.
You closely miss the tengu conjurer. You headbutt the tengu conjurer!
The tengu conjurer is severely wounded.
The tengu conjurer hits you but does no damage.
Distant voices call out in your mind.
The tengu conjurer pecks you but does no damage.
You block the tengu conjurer's attack.
The tengu conjurer hits you but does no damage.
You feel odd. You resist. You block the tengu conjurer's attack.
The tengu conjurer claws you but does no damage.
The tengu conjurer zaps a wand.
The bolt of dispelling energy hits you but does no damage.
The bolt of dispelling energy hits the nameless horror.
The nameless horror barely misses you.
The tengu conjurer zaps a wand.
The bolt of dispelling energy misses you.
The bolt of dispelling energy hits the nameless horror!
The nameless horror is destroyed!
The nameless horror disappears in a puff of smoke!
The tengu conjurer zaps a wand.
The bolt of dispelling energy hits you. You block the tengu conjurer's attack.
The tengu conjurer pecks you but does no damage.
The tengu conjurer barely misses you.
You closely miss the tengu conjurer.
Your headbutt misses the tengu conjurer.
The tengu conjurer is severely wounded.
The tengu conjurer zaps a wand.
The bolt of dispelling energy hits you!
* * * LOW HITPOINT WARNING * * *
You miss the tengu conjurer.
The tengu conjurer is severely wounded.
The battlesphere dissipates.
The tengu conjurer points at you and mumbles some strange words.
The bolt of lightning hits you!
* * * LOW HITPOINT WARNING * * *
The bolt of lightning hits you!!
You die...

##..#....#...##...####'###......#
.#.†#....#............[..#......#
.#..#........##..........#......#
.'..#.#####...#..........#......#
.#..#.# ###............#......#
.#..#.# ###..........#......'
.#..#.# . ###.....##'#......#
.#..#.# #.|:#######.......##'###
.'..#.# #".○Q@)'###.....#.....
.####.# #.)}######).###.........
......# . ####...####...####
#.....# ###..#..#..####.....
#.....# ###....#..#..#..####..
#.....# ###..#####.#..#..#..##..
#.....####....# ..#.#..#..#####..
#.....##......# #.##..#..######..
#.....#.##....# #†##..######.##.#


You could see a tengu conjurer.

Vanquished Creatures
  A centaur warrior (D:8)
  A two-headed ogre (D:8)
  A deep elf pyromancer (D:8)
  A cyclops (D:8)
  2 trolls
  A hornet (D:8)
  A wraith (D:8)
  A shadow (D:8)
  A wyvern (D:8)
  2 steam dragons (D:8)
  9 yaks (D:8)
  2 vampire mosquitoes (D:8)
  An acid dragon (D:8)
  Duvessa (D:5)
  2 ice beasts (D:6)
  A sky beast (D:7)
  2 black bears
  2 orc warriors
  3 centaurs (D:8)
  3 ogres
  A kobold brigand (D:8)
  2 bullfrogs
  Dowan (D:5)
  4 killer bees (D:7)
  2 howler monkeys (D:6)
  4 orc priests (D:6)
  2 hounds
  3 jellies
  A sleepcap (D:4)
  6 iguanas
  12 orc wizards
  7 gnolls
  6 adders
  2 shadow imps
  A white imp (D:5)
  2 ufetubi (D:5)
  A worm (D:2)
  4 dart slugs
  31 orcs
  3 bats (D:3)
  2 endoplasms (D:1)
  3 giant cockroaches
  3 goblins
  6 hobgoblins
  A jackal (D:2)
  5 quokkas
  2 ball pythons
  4 frilled lizards
  9 kobolds
  8 rats
176 creatures vanquished.

Notes
Turn   | Place    | Note
-------+----------+-------------------------------------------
     0 | D:1      | Gogs the Minotaur Berserker began the quest for the Orb.
     0 | D:1      | Reached XP level 1. HP: 19/19 MP: 0/0
   258 | D:1      | Reached skill level 4 in Axes
   258 | D:1      | Reached XP level 2. HP: 27/27 MP: 1/1
   977 | D:2      | Found a broken altar of Ashenzari.
  1003 | D:2      | Reached XP level 3. HP: 33/33 MP: 2/2
  1278 | D:2      | Reached ** piety under Trog
  1705 | D:3      | Reached skill level 1 in Shields
  1705 | D:3      | Reached XP level 4. HP: 25/40 MP: 3/3
  1908 | D:3      | Found a faded altar of an unknown god.
  2501 | D:3      | Reached skill level 5 in Axes
  2506 | D:3      | Reached XP level 5. HP: 36/47 MP: 4/4
  2851 | D:4      | You fall into a shaft and drop 3 floors!
  3270 | D:6      | Reached XP level 6. HP: 46/53 MP: 5/5
  3449 | D:6      | Reached skill level 5 in Armour
  3536 | D:6      | Reached skill level 6 in Axes
  3601 | D:6      | Reached skill level 5 in Fighting
  3631 | D:6      | Reached XP level 7. HP: 61/61 MP: 6/6
  3682 | D:5      | Entered Level 5 of the Dungeon
  3691 | D:5      | Noticed Duvessa
  3693 | D:5      | Noticed Dowan
  3702 | D:5      | Killed Duvessa
  3703 | D:5      | Reached skill level 7 in Axes
  3703 | D:5      | Reached skill level 5 in Shields
  3711 | D:5      | Killed Dowan
  4261 | D:4      | Reached *** piety under Trog
  4262 | D:4      | Reached skill level 8 in Axes
  4262 | D:4      | Reached XP level 8. HP: 52/70 MP: 7/7
  4661 | D:5      | Found a sparkling altar of Nemelex Xobeh.
  4662 | D:5      | Found a broken altar of Ashenzari.
  4817 | D:5      | Found Foiminy's Distillery.
  4856 | D:5      | Bought a potion of curing for 42 gold pieces
  4856 | D:5      | Bought a potion of curing for 42 gold pieces
  4856 | D:5      | Bought a potion of heal wounds for 70 gold pieces
  4856 | D:5      | Bought a potion of might for 56 gold pieces
  4867 | D:5      | Reached skill level 9 in Axes
  5264 | D:6      | Reached skill level 10 in Axes
  5520 | D:6      | Found Wacepn's Weapon Emporium.
  6251 | D:7      | Reached skill level 11 in Axes
  6258 | D:7      | Reached XP level 9. HP: 55/79 MP: 8/8
  6376 | D:7      | Found a staircase to the Ecumenical Temple.
  6386 | Temple   | Entered the Ecumenical Temple
  7167 | D:7      | Identified the +2 cloak of Noon {rPois Int+3}
  7255 | D:7      | Found Heluff's Magic Scroll Shoppe.
  7258 | D:7      | Bought a scroll of fear for 56 gold pieces
  7258 | D:7      | Bought a scroll of identify for 28 gold pieces
  7258 | D:7      | Bought a scroll of enchant weapon for 105 gold pieces
  7258 | D:7      | Bought a scroll of identify for 28 gold pieces
  7258 | D:7      | Bought a scroll of identify for 28 gold pieces
  7258 | D:7      | Bought a scroll of fear for 56 gold pieces
  7846 | D:8      | Identified the +2 plate armour "Ripyc" {rElec Will+ SInv}
  7849 | D:8      | Noticed a troll
  7870 | D:7      | Killed a troll
  7871 | D:7      | Reached skill level 12 in Axes
  8046 | D:8      | Reached skill level 13 in Axes
  8215 | D:8      | Reached **** piety under Trog
  8732 | D:8      | Noticed a two-headed ogre
  8751 | D:8      | Killed a two-headed ogre
  8752 | D:8      | Reached skill level 14 in Axes
  8761 | D:8      | Reached XP level 10. HP: 86/86 MP: 9/9
  9447 | D:8      | Noticed a deep elf pyromancer
  9447 | D:8      | Noticed a centaur warrior
  9467 | D:8      | Noticed a cyclops
  9468 | D:8      | Killed a deep elf pyromancer
  9470 | D:8      | Killed a centaur warrior
  9487 | D:8      | Killed a cyclops
  9506 | D:8      | HP: 1/91 [tengu conjurer/bolt of lightning (16)]
  9506 | D:8      | Killed from afar by a tengu conjurer

Illustrated notes

Levels and vault maps discovered:
D:1:      lemuel_arrival_river_ford, layout_loops_ring
D:2:      layout_basic, basic_altar, ebering_dispersal_statue_hall, st_stairs_1,
          serial_park_tiny_2, chequers_serial_rivers_micro_c,
          hangedman_decor_opposing, minmay_cut_off
D:3:      layout_loops_corners, dreamdust_ecumenical_altar_statues,
          kennysheep_generic_room_15
D:4:      layout_loops_ring, chequers_arboretum
D:5:      wander_river, layout_basic, gammafunk_temple_overflow_statue,
          serial_shops, nicolae_shop_tiny_statue_garden, roderic_filled_cross,
          uniq_duvessa
D:6:      layout_basic, serial_shops, nicolae_lakefront_shop,
          hangedman_decor_diamond_cutter
D:7:      layout_basic, minmay_temple_entry_grid, serial_shops,
          nicolae_shop_rolled_up
D:8:      minmay_the_grid_triangle_9x9_rhombus_full
          [minmay_the_grid_triangle_9x9_pentomino_pain,
          minmay_the_grid_triangle_9x9_shrine,
          minmay_the_grid_triangle_9x9_impossible_snake,
          minmay_the_grid_triangle_9x9_negative_grid,
          minmay_the_grid_triangle_9x9_minimal,
          minmay_the_grid_triangle_9x9_odd_lines,
          minmay_the_grid_triangle_9x9_intruding_spiral,
          minmay_the_grid_triangle_9x9_prize_center], layout_gridville
Temple:   mainiacjoe_temple_big_plus

Skill      XL: |  1  2  3  4  5  6  7  8  9 10 |
---------------+-------------------------------+-----
Axes           | 4 5 6 8 11 14 | 14.7
Fighting       | 4 5 6 7 9 |  9.4
Armour         | 3 4 5 8 |  8.1
Shields        | 1 2 4 5 8 |  8.1
Dodging        | |  2.1

Action                     |  1- 3 |  4- 6 |  7- 9 | 10-12 || total
---------------------------+-------+-------+-------+-------++-------
  Melee: Hand axe          |    81 |   123 |   255 |    52 ||   511
         Headbutt          |    12 |    13 |    45 |    25 ||    95
         War axe           |       |       |       |    39 ||    39
 Invoke: Berserk           |       |     3 |     3 |     1 ||     7
         Trog's Hand       |       |     1 |     1 |     1 ||     3
    Use: Scroll            |     4 |     7 |    12 |     1 ||    24
         Potion            |       |       |       |     3 ||     3
   Stab: Sleeping          |       |     2 |     1 |       ||     3
 Armour: Animal skin       |     2 |       |       |       ||     2
         Chain mail        |    40 |       |     1 |       ||    41
         Skin              |     2 |    45 |    46 |       ||    93
         Plate armour      |       |       |    37 |    47 ||    84
  Dodge: Dodged            |    26 |    30 |    60 |    19 ||   135
  Block: Tower shield      |    16 |    47 |   128 |    57 ||   248
